 Dungeon Crawl Stone Soup version 0.22-a0-402-ga933591 (webtiles) character file.

6383 Borgoz the Fighter (level 10, -10/97 HPs)
             Began as a Gargoyle Fighter on May 7, 2018.
             Was a Believer of Ashenzari.
             Mangled by an orc knight
             ... wielding a +0 war axe
              (24 damage)
             ... in a bailey.
             The game lasted 00:16:45 (10190 turns).

Borgoz the Fighter (Gargoyle Fighter)              Turns: 10190, Time: 00:16:46

Health: -10/97     AC: 25    Str: 27    XL:     10   Next: 97%
Magic:  14/14      EV:  2    Int: 10    God:    Ashenzari [**....]
Gold:   472        SH: 12    Dex: 12    Spells: 9/9 levels left

rFire    . . .     SeeInvis .   g - +2 whip (venom) (curse)
rCold    . . .     Gourm    .   c - +0 shield
rNeg     + + +     Faith    .   (armour currently unavailable)
rPois    ∞         Spirit   .   (helmet currently unavailable)
rElec    .         Reflect  .   (cloak currently unavailable)
rCorr    .         Harm     .   (gloves currently unavailable)
MR       .....     NoTele   +   (boots currently unavailable)
Stlth    +.........             d - amulet of rage
HPRegen  0.26/turn              B - +3 ring of strength (curse)
MPRegen  0.14/turn              (no ring)

@: mighty, tree-form, berserk cooldown, very slightly contaminated, slowed, very
slow
A: negative energy resistance 1, petrification resistance, rot immunity, AC +7
a: Curse Item, Scrying, Renounce Religion, Evoke Berserk Rage


You were in a bailey.
You worshipped Ashenzari.
Ashenzari was pleased with you.
You were hungry.
You were a tree.
You visited 2 branches of the dungeon, and saw 11 of its levels.
You also visited: Bailey.

You collected 472 gold pieces.

Inventory:

Hand Weapons
 g - a cursed +2 whip of venom (weapon)
Armour
 b - a +1 scale mail (melded)
 c - a +0 shield (worn)
 D - the cursed +1 pair of boots "Etaivvey" {rElec rC+ Int-4}
   (You acquired it on level 10 of the Dungeon)

   It affects your intelligence (-4).
   It protects you from cold.
   It insulates you from electricity.
   It has a curse placed upon it.
Jewellery
 a - the cursed amulet of Brilliance {Acrobat rElec rPois}
   (You acquired it on level 10 of the Dungeon)

   [amulet of the acrobat]

   It helps you evade while moving and waiting.
   It insulates you from electricity.
   It protects you from poison.
   It has a curse placed upon it.
 d - an amulet of rage (around neck)
 w - the amulet of Vuof {RegenMP rElec Int+2}
   (You found it on level 5 of the Dungeon)

   [amulet of magic regeneration]

   It increases your magic regeneration.
   It affects your intelligence (+2).
   It insulates you from electricity.
 B - a cursed +3 ring of strength (left branch)
 E - a +1 ring of protection
 L - an uncursed ring of ice
Wands
 l - a wand of flame (20)
 x - a wand of random effects (51)
 K - a wand of iceblast (17)
 M - a wand of paralysis (14)
Scrolls
 i - 2 scrolls of teleportation
 j - a scroll of random uselessness {unknown}
 q - a scroll of blinking
 s - 2 scrolls of fear {unknown}
 t - 3 scrolls of fog {unknown}
 y - a scroll of brand weapon {unknown}
 z - a scroll of magic mapping
 G - 3 scrolls of enchant armour
 J - 7 scrolls of remove curse
Potions
 e - 4 potions of curing
 h - a potion of brilliance {unknown}
 m - 3 potions of flight
 p - 4 potions of lignification
 u - 2 potions of magic
 v - a potion of mutation {unknown}
 A - a potion of haste {unknown}
 C - a potion of berserk rage {unknown}
 F - 2 potions of resistance {unknown}
 I - 2 potions of agility
Comestibles
 f - 21 rations


   Skills:
 + Level 8.8 Fighting
 + Level 7.6(10.0) Maces & Flails
 + Level 8.8 Armour
 + Level 8.7 Shields
 + Level 6.2 Evocations


You had 9 spell levels left.
You didn't know any spells.

Dungeon Overview and Level Annotations

Branches:
Dungeon (10/15)            Temple (1/1) D:6            Lair (0/6) D:8
    Orc: D:9-12

Altars:
Ashenzari
Cheibriados
Dithmenos
Elyvilon
Fedhas
Gozag
Hepliaklqana
Kikubaaqudgha
Makhleb
Nemelex Xobeh
Okawaru
Qazlal
Ru
Sif Muna
Trog
Uskayaw
Vehumet
Wu Jian
Xom
Yredelemnul
Zin
The Shining One

Annotations:
D:5 2 transporters


Innate Abilities, Weirdness & Mutations

You are resistant to torment.
((Your stone body is resilient. (AC +7)))
You are immune to poison.
You resist negative energy. (rN+)
((You are resistant to electric shocks. (rElec)))
((You can survive without breathing.))
You are immune to petrification.
You are immune to rotting.


Message History

The orc warlord hits you but does no damage.
Unknown command.
You turn into a tree.
Your +1 scale mail melds into your body.
Your roots penetrate the ground.
The orc knight hits you with a war axe.
* * * LOW HITPOINT WARNING * * *
The orc warlord roars a battlecry!
The orc knight goes into a battle-frenzy!
You block the goblin's attack.
You whack the orc warlord!
The orc warlord is heavily wounded.
You block the orc knight's attack.
The orc warlord hits you but does no damage.
You block the goblin's attack.
You hit the orc warlord.
The orc warlord looks as sick as possible!
The orc warlord is heavily wounded.
The orc warlord no longer looks unusually strong.
The orc knight hits you with a war axe!!
You die...

#.........#.......#..
##.........##88.88##..
#.....⌠.....###o###...
##.........## ..g###..
#.........#,oo..o.#..
##.......##..o.g..##.
#..og...#.........#.
##goo..##.........##
##♣####...........#
##.....## ,, ##
#.......# , , #.
##...)...## ,,, ##.
#.........# ,,,, #..
##.........## , ##..
#.....).....#######...
##.........##.....##..
#.........#.......#..


You could see an orc warlord, an orc knight, an orc warrior and 2 goblins.

Vanquished Creatures
  A two-headed ogre (D:9)
  A hornet (D:8)
  A hippogriff (D:7)
  3 yaks (D:9)
  A basilisk (D:9)
  Menkaure (D:4)
  2 water moccasins
  A porcupine (D:8)
  An ice beast (D:7)
  A sky beast (D:7)
  A hornet zombie (D:6)
  11 orc warriors
  A black bear (D:8)
  A phantom (D:10)
  An eye of draining (D:8)
  4 ogres
  4 centaurs
  A crocodile (D:8)
  4 bullfrogs (D:8)
  A water moccasin skeleton (D:4)
  5 wights (D:9)
  5 howler monkeys
  2 crimson imps (D:7)
  2 jellies
  2 gnoll shamans
  2 centaur skeletons
  4 hounds
  4 orc priests
  6 iguanas
  6 worker ants
  4 orc wizards
  A hound zombie (D:5)
  A worker ant zombie (D:8)
  19 gnolls
  12 adders
  2 shadow imps (D:5)
  2 adder skeletons
  3 worms
  6 leopard geckos
  35 orcs
  2 ball pythons (D:6)
  6 giant cockroaches
  29 goblins
  15 hobgoblins
  13 jackals
  7 quokkas
  A bat (D:3)
  3 frilled lizards
  A jackal zombie (D:7)
  14 kobolds
  6 rats
262 creatures vanquished.

Vanquished Creatures (others)
  A jelly (D:5)
  A ball python skeleton (D:5)
  6 fungi (D:8)
8 creatures vanquished.

Grand Total: 270 creatures vanquished

Notes
Turn   | Place    | Note
-------+----------+-------------------------------------------
     0 | D:1      | Borgoz the Gargoyle Fighter began the quest for the Orb.
     0 | D:1      | Reached XP level 1. HP: 14/14 MP: 1/1
   366 | D:1      | Reached XP level 2. HP: 18/19 MP: 2/2
   760 | D:2      | Reached XP level 3. HP: 23/23 MP: 3/3
  1572 | D:3      | Reached XP level 4. HP: 28/29 MP: 4/4
  1647 | D:3      | Reached XP level 5. HP: 28/33 MP: 5/5
  2246 | D:3      | Found a glowing golden altar of the Shining One.
  2448 | D:3      | Reached XP level 6. HP: 38/39 MP: 6/6
  2482 | D:3      | Found a shadowy altar of Dithmenos.
  2483 | D:3      | Found a basalt altar of Yredelemnul.
  2846 | D:4      | Reached skill level 1 in Evocations
  2978 | D:4      | Noticed Menkaure
  2986 | D:4      | Killed Menkaure
  3467 | D:4      | Reached skill level 5 in Fighting
  3467 | D:4      | Reached XP level 7. HP: 44/44 MP: 8/8
  3570 | D:4      | Reached skill level 5 in Armour
  3591 | D:4      | Reached skill level 5 in Shields
  3732 | D:5      | Entered Level 5 of the Dungeon
  3732 | D:5      | Found a transporter.
  3743 | D:5      | Noticed an efreet
  3748 | D:5      | Found a transporter.
  3771 | D:5      | Found a glowing silver altar of Zin.
  3771 | D:5      | Found an ancient bone altar of Kikubaaqudgha.
  3900 | D:5      | Got a flickering ivory amulet
  4367 | D:6      | Reached XP level 8. HP: 45/50 MP: 9/9
  4651 | D:6      | Identified the amulet of Vuof {RegenMP rElec Int+2} (You found it on level 5 of the Dungeon)
  5410 | D:6      | Found a staircase to the Ecumenical Temple.
  5421 | Temple   | Entered the Ecumenical Temple
  5445 | Temple   | Became a worshipper of Ashenzari the Shackled
  5808 | D:7      | Reached skill level 5 in Maces & Flails
  5817 | D:7      | Identified the +5 longbow of Wounding {velocity, rF+} (You found it on level 7 of the Dungeon)
  6533 | D:7      | Noticed a hippogriff
  6550 | D:7      | Killed a hippogriff
  6550 | D:7      | Reached XP level 9. HP: 42/56 MP: 11/11
  7576 | D:8      | Reached * piety under Ashenzari
  7688 | D:8      | Noticed a hornet
  7697 | D:8      | Killed a hornet
  8204 | D:8      | Found a staircase to the Lair.
  8316 | D:8      | Reached skill level 5 in Evocations
  8495 | D:9      | Reached XP level 10. HP: 64/64 MP: 13/13
  9053 | D:9      | Noticed a two-headed ogre
  9076 | D:9      | Killed a two-headed ogre
  9104 | D:9      | HP: 3/64 [yak (7)]
  9436 | D:10     | Entered Level 10 of the Dungeon
  9440 | D:10     | Identified 2 scrolls of acquirement
  9440 | D:10     | Identified the cursed amulet of Brilliance {Acrobat rElec rPois} (You acquired it on level 10 of the Dungeon)
  9444 | D:10     | Got the cursed pair of boots "Etaivvey" {rElec rC+ Int-4}
  9561 | D:10     | Reached ** piety under Ashenzari
  9573 | D:10     | Found a flagged portal.
  9637 | Bailey   | Entered a bailey
 10148 | Bailey   | Noticed an orc knight
 10148 | Bailey   | Noticed an orc warlord
 10190 | Bailey   | Mangled by an orc knight

Vault maps used:
D:1:      tarquinn_simple_flora_water_b
D:3:      nicolae_overflow_hidden_temple, first_ration, st_stairs_5,
          kennysheep_nub, minmay_door_square, dk_noncrumbling_4, tso_metal_star
D:4:      uniq_menkaure
D:5:      gammafunk_temple_overflow_arena, kennysheep_generic_room_8
D:6:      temple_green, grunt_ministairs_13, minmay_misc_feat_more_columns
D:7:      grunt_ogre_cave
D:8:      grunt_lair_entry_orc_guard_hut
D:10:     lemuel_flame_loot_2, enter_bailey_3, minivault_11
Temple:   hc_temple_tempest_star
Bailey:   bailey_axe_minmay_hex_keep, bailey

Skill      XL: |  1  2  3  4  5  6  7  8  9 10 |
---------------+-------------------------------+-----
Fighting       | 4 5 6 7 8 |  8.8
Armour         | 4 5 6 7 8 |  8.8
Shields        | 4 5 6 7 8 |  8.7
Maces & Flails | 3 4 5 6 7 |  7.6
Evocations     | 1 2 3 5 6 |  6.2

Action                   |  1- 3 |  4- 6 |  7- 9 | 10-12 || total
-------------------------+-------+-------+-------+-------++-------
Melee: Whip              |   117 |   153 |   533 |   447 ||  1250
       Flail             |    15 |       |       |       ||    15
Invok: Curse Item        |       |       |     2 |       ||     2
 Abil: Evoke Berserk Rag |       |       |     1 |     2 ||     3
Evoke: Wand              |       |       |     3 |       ||     3
  Use: Potion            |       |     1 |     1 |     6 ||     8
       Scroll            |       |     4 |     1 |    13 ||    18
  Eat: Chunk             |     2 |     6 |    11 |     7 ||    26
       Ration            |       |       |     2 |       ||     2
Armor: Scale mail        |    51 |    90 |   218 |    88 ||   447
       Skin              |       |       |       |     1 ||     1
Dodge: Dodged            |    38 |    41 |   141 |    68 ||   288
Block: Shield            |    46 |    80 |   248 |   156 ||   530

Table legend:
 A = Spawn XP
 B = Non-spawn XP
 C = Spawn XP percentage of total XP
 D = Spawn monster count
 E = Non-spawn monster count
 F = Spawn count percentage of total count
 G = Total turns spent on level
                    A         B        C        D         E        F      G
               +---------+---------+-------+---------+---------+-------+---------
         Total |       0 |    9119 |   0.0 |       0 |     262 |   0.0 | 10190
               +---------+---------+-------+---------+---------+-------+---------
           D:1 |       0 |      23 |   0.0 |       0 |      14 |   0.0 |   661
           D:2 |       0 |      28 |   0.0 |       0 |      17 |   0.0 |   842
           D:3 |       0 |     284 |   0.0 |       0 |      31 |   0.0 |  1194
           D:4 |       0 |     427 |   0.0 |       0 |      18 |   0.0 |  1035
           D:5 |       0 |     339 |   0.0 |       0 |      16 |   0.0 |   609
           D:6 |       0 |     726 |   0.0 |       0 |      22 |   0.0 |  1351
           D:7 |       0 |     962 |   0.0 |       0 |      20 |   0.0 |  1534
           D:8 |       0 |    1831 |   0.0 |       0 |      30 |   0.0 |  1091
           D:9 |       0 |    2657 |   0.0 |       0 |      28 |   0.0 |  1015
          D:10 |       0 |     436 |   0.0 |       0 |       8 |   0.0 |   201
        Bailey |       0 |    1406 |   0.0 |       0 |      58 |   0.0 |   553
               +---------+---------+-------+---------+---------+-------+---------
